Quebec Nordiques vs Arizona Coyotes
Created - Friday, October 11, 2024 at 08:18
Goals
|
| Quebec Nordiques |
0 |
1 |
3 |
4 |
| Arizona Coyotes |
0 |
2 |
0 |
2 |
|
Shots
|
| Quebec Nordiques |
10 |
17 |
16 |
43 |
| Arizona Coyotes |
8 |
12 |
12 |
32 |
|
1st period
No Goal
Penalties :
Mats Zuccarello (AZC) for Roughing (Minor) at 7:22
2nd period
1. Quebec Nordiques , Barrett Hayton 8 (Eetu Luostarinen 15) at 2:59
2. Arizona Coyotes , Mark Jankowski 5 (Ondrej Palat 6, Jakob Silfverberg 4) at 7:01
3. Arizona Coyotes , Erik Haula 12 (Mason McTavish 20, Ross Colton 5) at 15:24 (PP)
Penalties :
Radko Gudas (AZC) for Slashing (Minor) at 0:29, Michael McCarron (QUE) for Delaying the game (Minor) at 14:47, Justin Holl (QUE) for Holding (Minor) at 18:17
3rd period
4. Quebec Nordiques , J.J. Moser 3 (Juuso Valimaki 5, Cole Perfetti 8) at 7:55 (PP)
5. Quebec Nordiques , Cole Perfetti 9 (Marco Rossi 13, J.J. Moser 14) at 13:48
6. Quebec Nordiques , Kirby Dach 5 (Michael Anderson 10, Barrett Hayton 9) at 14:29
Penalties :
Ross Colton (AZC) for Interference (Minor) at 0:47, Matt Dumba (AZC) for High sticking (Double Minor) at 7:32, Radko Gudas (AZC) for High sticking (Minor) at 19:41
Goalie Stats
Lukas Dostal (QUE), 30 saves from 32 shots - (0.938), W, 7-13-2, 60:00 minutes
Petr Mrazek (AZC), 39 saves from 43 shots - (0.907), L, 15-15-4, 60:00 minutes
Players Stats for Quebec Nordiques
Player Name G A P +/- PIM S H SB GA TA FO MP PP MP PK MP
------------------------------------------------------------------------------------
Anthony Duclair 0 0 0 0 0 4 0 2 2 1 0/0 18:30 4:23 0:00
Barrett Hayton 1 1 2 1 0 7 2 0 1 0 6/12 13:00 0:02 0:17
Cole Perfetti 1 1 2 1 0 2 0 2 2 0 1/1 17:45 4:12 0:00
Eetu Luostarinen 0 1 1 1 0 4 1 0 1 0 0/0 14:19 0:00 1:19
Evander Kane 0 0 0 0 0 2 1 2 0 2 1/3 18:30 4:23 0:00
J.J. Moser 1 1 2 2 0 3 1 1 0 1 0/0 24:07 4:25 1:30
Jonas Siegenthaler 0 0 0 0 0 1 1 2 0 2 0/0 20:58 4:12 1:06
Jordan Greenway 0 0 0 0 0 3 1 0 1 1 0/1 9:26 0:02 1:17
Justin Holl 0 0 0 0 2 0 0 1 0 1 0/0 15:14 0:00 0:00
Juuso Valimaki 0 1 1 0 0 2 2 1 0 2 0/0 19:48 4:25 0:00
Kirby Dach 1 0 1 1 0 4 2 0 0 1 0/0 12:43 0:02 0:00
Marc Staal 0 0 0 0 0 2 0 2 0 1 0/0 16:21 0:00 1:06
Marco Rossi 0 1 1 1 0 2 0 1 1 1 8/19 17:45 4:12 0:00
Michael Anderson 0 1 1 2 0 2 2 1 0 1 0/0 23:51 4:12 1:30
Michael McCarron 0 0 0 0 2 0 1 0 0 0 5/7 9:27 0:00 1:02
Ryan Poehling 0 0 0 0 0 1 1 0 1 0 0/4 9:23 0:00 1:17
Shane Pinto 0 0 0 0 0 3 2 0 0 1 9/22 18:30 4:23 0:00
Trevor Zegras 0 0 0 1 0 1 1 1 3 1 1/3 17:45 4:12 0:00
Players Stats for Arizona Coyotes
Player Name G A P +/- PIM S H SB GA TA FO MP PP MP PK MP
------------------------------------------------------------------------------------
Anthony Deangelo 0 0 0 -1 0 0 2 1 0 0 0/0 12:40 0:00 1:21
Brandon Tanev 0 0 0 0 0 0 1 0 0 0 1/1 9:39 0:00 0:32
Brayden McNabb 0 0 0 0 0 2 2 1 1 4 0/0 22:50 1:02 4:16
Charlie Coyle 0 0 0 -1 0 2 2 0 1 0 20/26 24:04 1:27 3:54
Erik Haula 1 0 1 -1 0 3 1 2 1 0 2/2 14:52 1:17 0:00
Jakob Silfverberg 0 1 1 0 0 4 0 1 1 0 0/0 8:31 0:00 0:00
Jani Hakanpaa 0 0 0 -1 0 2 0 2 0 1 0/0 25:51 1:34 4:21
Jared Spurgeon 0 0 0 -1 0 0 2 1 0 1 0/0 25:51 1:34 4:21
Mark Jankowski 1 0 1 0 0 3 0 0 0 0 0/6 8:31 0:00 0:00
Mason McTavish 0 1 1 -1 0 3 3 0 0 1 6/13 19:40 1:17 4:26
Mats Zuccarello 0 0 0 -1 2 5 0 0 2 1 0/2 21:26 1:19 2:53
Matt Dumba 0 0 0 -1 4 0 0 1 0 1 0/0 11:21 0:00 0:00
Ondrej Palat 0 1 1 0 0 2 2 0 4 1 0/0 8:31 0:00 0:00
Radko Gudas 0 0 0 0 4 1 3 0 0 0 0/0 21:44 1:02 2:55
Ross Colton 0 1 1 -1 2 1 1 1 1 0 7/12 18:03 1:09 0:00
Ryan Donato 0 0 0 0 0 0 0 1 0 1 0/0 2:13 0:00 0:00
Tyler Seguin 0 0 0 -1 0 3 0 2 1 0 5/9 23:05 1:19 4:31
Zach Parise 0 0 0 0 0 1 0 0 4 1 0/1 12:26 0:00 0:58
3 Stars
1 - J.J. Moser (QUE)
2 - Barrett Hayton (QUE)
3 - Cole Perfetti (QUE)
Power Play
Quebec Nordiques - 1 on 6 Attempt(s) - 16.67%
Arizona Coyotes - 1 on 2 Attempt(s) - 50.00%
Penalty Kill
Quebec Nordiques - 1 on 2 Attempt(s) - 50.00%
- Score 0 goal in Penalty Kill
Arizona Coyotes - 5 on 6 Attempt(s) - 83.33%
- Score 0 goal in Penalty Kill
Team Stat
Quebec Nordiques - Hits : 18 - Faceoff Wins : 31 - Blocked Shots : 16 - Penalty Minutes : 4
Arizona Coyotes - Hits : 19 - Faceoff Wins : 41 - Blocked Shots : 13 - Penalty Minutes : 12
Official
Referees : Reid Anderson and Brandon Blandina
Linesman : Devin Berg and James Tobias
Game Notes
Ryan Donato is injured at 3:34 of 1st period (Bruised Right Shoulder)
Finance
Level 1 -- Attendance: 5881 (98.02%) -- Ticket Income $541,052
Level 2 -- Attendance: 5000 (100.00%) -- Ticket Income $250,000
Level 3 -- Attendance: 2804 (93.47%) -- Ticket Income $78,512
Level 4 -- Attendance: 5000 (100.00%) -- Ticket Income $90,000
Luxury Box -- Attendance: 930 (93.00%) -- Ticket Income $176,700
Game was played at the Gila River Arena.
Total Attendance: 19615 (98.08%)
Total Ticket Income: $1,136,264
Other Income: $397,692
Total Income: $1,533,956
Quebec Nordiques
5 vs 5 Forward
Center Left Wing Right Wing Time % Phy DF OF
1 Shane Pinto Evander Kane Anthony Duclair 30 1 1 3
2 Marco Rossi Trevor Zegras Cole Perfetti 30 1 1 3
3 Barrett Hayton Eetu Luostarinen Kirby Dach 25 1 1 3
4 Michael McCarron Ryan Poehling Jordan Greenway 15 1 3 1
5 vs 5 Defense
Defense Defense Time % Phy DF OF
1 J.J. Moser Michael Anderson 30 1 3 1
2 Jonas Siegenthaler Juuso Valimaki 30 1 3 1
3 Marc Staal Justin Holl 30 1 3 1
4 J.J. Moser Michael Anderson 10 1 3 1
PowerPlay Forward
Center Left Wing Right Wing Time % Phy DF OF
1 Shane Pinto Evander Kane Anthony Duclair 50 1 0 4
2 Marco Rossi Trevor Zegras Cole Perfetti 50 1 0 4
PowerPlay Defense
Defense Defense Time % Phy DF OF
1 J.J. Moser Juuso Valimaki 50 1 3 1
2 Michael Anderson Jonas Siegenthaler 50 1 3 1
Penalty Kill 4 Players Forward
Center Wing Time % Phy DF OF
1 Ryan Poehling Jordan Greenway 50 1 2 2
2 Michael McCarron Eetu Luostarinen 50 1 2 2
Penalty Kill 4 Players Defense
Defense Defense Time % Phy DF OF
1 J.J. Moser Michael Anderson 50 1 2 2
2 Jonas Siegenthaler Marc Staal 50 1 2 2
Penalty Kill - 3 Players Forward
Forward Time % Phy DF OF
1 Michael McCarron 50 1 2 2
2 Ryan Poehling 50 1 2 2
Penalty Kill - 3 Players Defense
Defense Defense Time % Phy DF OF
1 J.J. Moser Michael Anderson 50 1 2 2
2 Jonas Siegenthaler Juuso Valimaki 50 1 2 2
4 vs 4 Forward
Center Wing Time % Phy DF OF
1 Shane Pinto Trevor Zegras 50 1 2 2
2 Marco Rossi Cole Perfetti 50 1 2 2
4 vs 4 Defense
Defense Defense Time % Phy DF OF
1 J.J. Moser Michael Anderson 50 1 2 2
2 Jonas Siegenthaler Juuso Valimaki 50 1 2 2
Last Minutes Offensive
Center Left Wing Right Wing Defense Defense
Shane Pinto Evander Kane Anthony Duclair J.J. Moser Michael Anderson
Last Minutes Defensive
Center Left Wing Right Wing Defense Defense
Ryan Poehling Eetu Luostarinen Jordan Greenway J.J. Moser Michael Anderson
Goaltenders
Starting : Lukas Dostal
Backup : John Gibson
Extra Forwards
Normal : Marco Rossi, Kirby Dach, Barrett Hayton - PP : Marco Rossi, Kirby Dach - PK : Barrett Hayton
Extra Defensemen
Normal : Jonas Siegenthaler, Marc Staal, J.J. Moser - PP : Jonas Siegenthaler - PK : Juuso Valimaki, Jonas Siegenthaler
Penalty Shots
Trevor Zegras, Kirby Dach, Anthony Duclair, Barrett Hayton, Evander Kane
Scratches
Alexander Alexeyev (Healthy), Connor Brown (Healthy)
Arizona Coyotes
5 vs 5 Forward
Center Left Wing Right Wing Time % Phy DF OF
1 Charlie Coyle Mats Zuccarello Tyler Seguin 40 0 2 3
2 Mason McTavish Erik Haula Ryan Donato 30 0 2 3
3 Ross Colton Zach Parise Brandon Tanev 20 1 3 1
4 Mark Jankowski Jakob Silfverberg Ondrej Palat 10 1 3 1
5 vs 5 Defense
Defense Defense Time % Phy DF OF
1 Jared Spurgeon Jani Hakanpaa 40 1 3 1
2 Radko Gudas Brayden McNabb 35 1 3 1
3 Matt Dumba Anthony Deangelo 25 1 3 1
4 Jared Spurgeon Jani Hakanpaa 0 1 2 2
PowerPlay Forward
Center Left Wing Right Wing Time % Phy DF OF
1 Charlie Coyle Mats Zuccarello Tyler Seguin 50 1 1 3
2 Mason McTavish Erik Haula Ryan Donato 50 1 1 3
PowerPlay Defense
Defense Defense Time % Phy DF OF
1 Jared Spurgeon Jani Hakanpaa 50 1 3 1
2 Radko Gudas Brayden McNabb 50 1 1 3
Penalty Kill 4 Players Forward
Center Wing Time % Phy DF OF
1 Charlie Coyle Mats Zuccarello 50 1 3 1
2 Tyler Seguin Mason McTavish 50 1 3 1
Penalty Kill 4 Players Defense
Defense Defense Time % Phy DF OF
1 Jared Spurgeon Jani Hakanpaa 50 1 3 1
2 Radko Gudas Brayden McNabb 50 1 3 1
Penalty Kill - 3 Players Forward
Forward Time % Phy DF OF
1 Ross Colton 50 1 3 1
2 Mark Jankowski 50 1 3 1
Penalty Kill - 3 Players Defense
Defense Defense Time % Phy DF OF
1 Matt Dumba Radko Gudas 55 1 3 1
2 Anthony Deangelo Brayden McNabb 45 1 3 1
4 vs 4 Forward
Center Wing Time % Phy DF OF
1 Charlie Coyle Mats Zuccarello 50 0 1 4
2 Tyler Seguin Mason McTavish 50 0 1 4
4 vs 4 Defense
Defense Defense Time % Phy DF OF
1 Jared Spurgeon Jani Hakanpaa 50 0 2 3
2 Radko Gudas Brayden McNabb 50 0 2 3
Last Minutes Offensive
Center Left Wing Right Wing Defense Defense
Charlie Coyle Mats Zuccarello Tyler Seguin Jared Spurgeon Jani Hakanpaa
Last Minutes Defensive
Center Left Wing Right Wing Defense Defense
Charlie Coyle Mats Zuccarello Tyler Seguin Jared Spurgeon Jani Hakanpaa
Goaltenders
Starting : Petr Mrazek
Backup : Carter Hart
Extra Forwards
Normal : Ross Colton, Ryan Donato, Zach Parise - PP : Ross Colton, Ryan Donato - PK : Zach Parise
Extra Defensemen
Normal : Matt Dumba, Anthony Deangelo, Radko Gudas - PP : Matt Dumba - PK : Anthony Deangelo, Radko Gudas
Penalty Shots
Charlie Coyle, Mats Zuccarello, Tyler Seguin, Mason McTavish, Erik Haula
Scratches
Jayden Struble (Healthy), Ondrej Pavel (Healthy), Scott Reedy (Healthy), Elvis Merzlikins (Healthy)
% Time on Ice - Quebec Nordiques
Lines # - Real PCT - Wanted PCT - Time Play
Normal Forward
1 - 29% - 30% - 14:07
2 - 28% - 30% - 13:54
3 - 26% - 25% - 12:40
4 - 17% - 15% - 8:06
Normal Defense
1 - 30% - 30% - 14:35
2 - 32% - 30% - 15:40
3 - 31% - 30% - 14:55
4 - 7% - 10% - 3:37
PP Forward
1 - 51% - 50% - 4:23
2 - 49% - 50% - 4:14
PP Defense
1 - 51% - 50% - 4:25
2 - 49% - 50% - 4:12
PK Forward
1 - 49% - 50% - 1:17
2 - 51% - 50% - 1:19
PK Defense
1 - 58% - 50% - 1:30
2 - 42% - 50% - 1:06
PK3 Forward
1 - 0% - 50%
2 - 0% - 50%
PK3 Defense
1 - 0% - 50%
2 - 0% - 50%
44 Forward
1 - 0% - 50%
2 - 0% - 50%
44 Defense
1 - 0% - 50%
2 - 0% - 50%
Last Minute Offensive - 0:00
Last Minute Defensive - 0:00
Total
Forward - 60:00
Defense - 60:00
|
% Time on Ice - Arizona Coyotes
Lines # - Real PCT - Wanted PCT - Time Play
Normal Forward
1 - 36% - 40% - 17:35
2 - 28% - 30% - 13:54
3 - 18% - 20% - 8:47
4 - 17% - 10% - 8:31
Normal Defense
1 - 41% - 40% - 19:56
2 - 36% - 35% - 17:32
3 - 23% - 25% - 11:19
4 - 0% - 0% - 0:00
PP Forward
1 - 51% - 50% - 1:19
2 - 49% - 50% - 1:17
PP Defense
1 - 60% - 50% - 1:34
2 - 40% - 50% - 1:02
PK Forward
1 - 51% - 50% - 4:26
2 - 49% - 50% - 4:11
PK Defense
1 - 50% - 50% - 4:21
2 - 50% - 50% - 4:16
PK3 Forward
1 - 0% - 50%
2 - 0% - 50%
PK3 Defense
1 - 0% - 55%
2 - 0% - 45%
44 Forward
1 - 0% - 50%
2 - 0% - 50%
44 Defense
1 - 0% - 50%
2 - 0% - 50%
Last Minute Offensive - 0:00
Last Minute Defensive - 0:00
Total
Forward - 60:00
Defense - 60:00
|
Play-by-Play
1st period
0:01 of 1st period - Shane Pinto wins face-off versus Charlie Coyle in neutral zone.
1:13 of 1st period - Brayden McNabb is hit by Michael Anderson and loses puck.
1:31 of 1st period - Off-side.
1:32 of 1st period - Shane Pinto wins face-off versus Charlie Coyle in neutral zone.
1:41 of 1st period - Wrist shot by Shane Pinto.
1:41 of 1st period - Stopped by Petr Mrazek without a rebound.
1:42 of 1st period - Cole Perfetti wins face-off versus Mason McTavish in Arizona Coyotes zone.
2:12 of 1st period - Jani Hakanpaa is hit by Jordan Greenway and loses puck.
2:43 of 1st period - Ryan Poehling is hit by Radko Gudas and loses puck.
3:00 of 1st period - Slapshot by Mason McTavish.
3:00 of 1st period - Stopped by Lukas Dostal with a rebound.
3:32 of 1st period - Slapshot by Jordan Greenway.
3:32 of 1st period - Stopped by Petr Mrazek with a rebound.
3:34 of 1st period - Slapshot by Marc Staal.
3:34 of 1st period - Shot Blocked by Ryan Donato.
3:34 of 1st period - Ryan Donato from Arizona Coyotes is injured at 3:34 of 1st period (Bruised Right Shoulder).
3:35 of 1st period - Charlie Coyle wins face-off versus Barrett Hayton in Arizona Coyotes zone.
3:44 of 1st period - Off-side.
3:45 of 1st period - Barrett Hayton wins face-off versus Charlie Coyle in neutral zone.
3:52 of 1st period - Slapshot by Eetu Luostarinen.
3:52 of 1st period - Deflect By Barrett Hayton.
3:52 of 1st period - Stopped by Petr Mrazek with a rebound.
4:08 of 1st period - Wrist shot by Eetu Luostarinen.
4:08 of 1st period - Stopped by Petr Mrazek without a rebound.
4:09 of 1st period - Marco Rossi wins face-off versus Ross Colton in Arizona Coyotes zone.
4:13 of 1st period - Icing by Brandon Tanev.
4:14 of 1st period - Ross Colton wins face-off versus Marco Rossi in Arizona Coyotes zone.
4:22 of 1st period - Off-side.
4:23 of 1st period - Tyler Seguin wins face-off versus Shane Pinto in neutral zone.
4:30 of 1st period - Snap shot by Tyler Seguin.
4:30 of 1st period - Shot Misses the Net.
4:32 of 1st period - Slapshot by Jani Hakanpaa.
4:32 of 1st period - Shot Misses the Net.
4:34 of 1st period - Wrist shot by Charlie Coyle.
4:34 of 1st period - Stopped by Lukas Dostal without a rebound.
4:35 of 1st period - Shane Pinto wins face-off versus Mats Zuccarello in Quebec Nordiques zone.
4:50 of 1st period - Wrist shot by Tyler Seguin.
4:50 of 1st period - Shot Blocked by Jonas Siegenthaler.
6:01 of 1st period - Wrist shot by Tyler Seguin.
6:01 of 1st period - Shot Misses the Net.
6:08 of 1st period - Off-side.
6:09 of 1st period - Charlie Coyle wins face-off versus Marco Rossi in neutral zone.
6:39 of 1st period - Wrist shot by Evander Kane.
6:39 of 1st period - Deflect By Anthony Duclair.
6:39 of 1st period - Shot Misses the Net.
6:39 of 1st period - Puck is out of play.
6:40 of 1st period - Ross Colton wins face-off versus Shane Pinto in Arizona Coyotes zone.
7:15 of 1st period - Mats Zuccarello is hit by Kirby Dach and loses puck.
7:22 of 1st period - Minor Penalty to Mats Zuccarello for Roughing.
7:23 of 1st period - Charlie Coyle wins face-off versus Shane Pinto in Arizona Coyotes zone.
8:44 of 1st period - Marco Rossi is hit by Mason McTavish.
9:22 of 1st period - Penalty to Mats Zuccarello is over, Mats Zuccarello is back on ice.
9:54 of 1st period - Snap shot by Jakob Silfverberg.
9:54 of 1st period - Stopped by Lukas Dostal with a rebound.
9:56 of 1st period - Slapshot by Radko Gudas.
9:56 of 1st period - Deflect By Jakob Silfverberg.
9:56 of 1st period - Stopped by Lukas Dostal without a rebound.
9:57 of 1st period - Mason McTavish wins face-off versus Barrett Hayton in Quebec Nordiques zone.
10:10 of 1st period - Slapshot by Barrett Hayton.
10:10 of 1st period - Shot Misses the Net.
10:12 of 1st period - Snap shot by Eetu Luostarinen.
10:12 of 1st period - Shot Misses the Net.
10:29 of 1st period - Wrist shot by Marco Rossi.
10:29 of 1st period - Deflect By Cole Perfetti.
10:29 of 1st period - Stopped by Petr Mrazek without a rebound.
10:30 of 1st period - Shane Pinto wins face-off versus Ross Colton in Arizona Coyotes zone.
10:35 of 1st period - Snap shot by Shane Pinto.
10:35 of 1st period - Deflect By Anthony Duclair.
10:35 of 1st period - Shot Misses the Net.
10:35 of 1st period - Puck is out of play.
10:36 of 1st period - Ross Colton wins face-off versus Shane Pinto in Arizona Coyotes zone.
11:03 of 1st period - Marco Rossi is hit by Jared Spurgeon.
11:11 of 1st period - Snap shot by Marco Rossi.
11:11 of 1st period - Stopped by Petr Mrazek with a rebound.
12:06 of 1st period - Wrist shot by Anthony Duclair.
12:06 of 1st period - Shot Misses the Net.
12:08 of 1st period - Snap shot by Anthony Duclair.
12:08 of 1st period - Deflect By Mats Zuccarello.
12:08 of 1st period - Stopped by Petr Mrazek with a rebound.
12:10 of 1st period - Slapshot by Shane Pinto.
12:10 of 1st period - Shot Misses the Net.
12:29 of 1st period - Wrist shot by Trevor Zegras.
12:29 of 1st period - Shot Misses the Net.
12:45 of 1st period - Wrist shot by Erik Haula.
12:45 of 1st period - Stopped by Lukas Dostal with a rebound.
13:03 of 1st period - Snap shot by Anthony Duclair.
13:03 of 1st period - Shot Misses the Net.
13:07 of 1st period - Snap shot by Evander Kane.
13:07 of 1st period - Shot Misses the Net.
13:09 of 1st period - Slapshot by Michael Anderson.
13:09 of 1st period - Deflect By Erik Haula.
13:09 of 1st period - Stopped by Petr Mrazek with a rebound.
13:45 of 1st period - Snap shot by Cole Perfetti.
13:45 of 1st period - Deflect By Trevor Zegras.
13:45 of 1st period - Shot Misses the Net.
13:45 of 1st period - Puck is out of play.
13:46 of 1st period - Charlie Coyle wins face-off versus Marco Rossi in Arizona Coyotes zone.
14:13 of 1st period - Snap shot by Shane Pinto.
14:13 of 1st period - Shot Blocked by Jakob Silfverberg.
15:46 of 1st period - Cole Perfetti is hit by Anthony Deangelo and loses puck.
15:53 of 1st period - Snap shot by Trevor Zegras.
15:53 of 1st period - Stopped by Petr Mrazek without a rebound.
15:54 of 1st period - Marco Rossi wins face-off versus Mark Jankowski in Arizona Coyotes zone.
16:19 of 1st period - Marc Staal is hit by Erik Haula and loses puck.
16:51 of 1st period - Wrist shot by Kirby Dach.
16:51 of 1st period - Stopped by Petr Mrazek with a rebound.
17:10 of 1st period - Jani Hakanpaa is hit by J.J. Moser and loses puck.
17:43 of 1st period - Wrist shot by Jordan Greenway.
17:43 of 1st period - Shot Blocked by Matt Dumba.
17:47 of 1st period - Wrist shot by Barrett Hayton.
17:47 of 1st period - Deflect By Eetu Luostarinen.
17:47 of 1st period - Shot Blocked by Tyler Seguin.
17:47 of 1st period - Puck is out of play.
17:48 of 1st period - Charlie Coyle wins face-off versus Barrett Hayton in Arizona Coyotes zone.
18:22 of 1st period - Snap shot by Mason McTavish.
18:22 of 1st period - Shot Misses the Net.
18:40 of 1st period - Snap shot by Ondrej Palat.
18:40 of 1st period - Stopped by Lukas Dostal with a rebound.
18:42 of 1st period - Backhand shot by Jani Hakanpaa.
18:42 of 1st period - Stopped by Lukas Dostal without a rebound.
18:43 of 1st period - Charlie Coyle wins face-off versus Marco Rossi in Quebec Nordiques zone.
19:17 of 1st period - Zach Parise is hit by Michael Anderson and loses puck.
19:36 of 1st period - Snap shot by Charlie Coyle.
19:36 of 1st period - Shot Blocked by Justin Holl.
19:38 of 1st period - Snap shot by Mason McTavish.
19:38 of 1st period - Stopped by Lukas Dostal without a rebound.
19:39 of 1st period - Erik Haula wins face-off versus Shane Pinto in Quebec Nordiques zone.
Goals for this period are 0 for Quebec Nordiques vs 0 for Arizona Coyotes.
Shots for this period are 10 for Quebec Nordiques vs 8 for Arizona Coyotes.
2nd period
0:01 of 2nd period - Charlie Coyle wins face-off versus Marco Rossi in neutral zone.
0:04 of 2nd period - Michael Anderson is hit by Radko Gudas and loses puck.
0:16 of 2nd period - Off-side.
0:17 of 2nd period - Shane Pinto wins face-off versus Ross Colton in neutral zone.
0:29 of 2nd period - Minor Penalty to Radko Gudas for Slashing.
0:30 of 2nd period - Tyler Seguin wins face-off versus Marco Rossi in Arizona Coyotes zone.
1:06 of 2nd period - Wrist shot by Evander Kane.
1:06 of 2nd period - Stopped by Petr Mrazek with a rebound.
2:29 of 2nd period - Penalty to Radko Gudas is over, Radko Gudas is back on ice.
2:41 of 2nd period - Wrist shot by Eetu Luostarinen.
2:41 of 2nd period - Stopped by Petr Mrazek with a rebound.
2:43 of 2nd period - Wrist shot by Kirby Dach.
2:43 of 2nd period - Stopped by Petr Mrazek with a rebound.
2:45 of 2nd period - Backhand shot by Barrett Hayton.
2:45 of 2nd period - Stopped by Petr Mrazek without a rebound.
2:46 of 2nd period - Barrett Hayton wins face-off versus Mark Jankowski in Arizona Coyotes zone.
2:59 of 2nd period - Wrist shot by Barrett Hayton.
2:59 of 2nd period - Goal by Barrett Hayton - Quebec Nordiques : 1 - Arizona Coyotes : 0.
3:00 of 2nd period - Charlie Coyle wins face-off versus Trevor Zegras in neutral zone.
3:05 of 2nd period - Marco Rossi is hit by Charlie Coyle and loses puck.
3:32 of 2nd period - Off-side.
3:33 of 2nd period - Ross Colton wins face-off versus Evander Kane in neutral zone.
3:40 of 2nd period - Wrist shot by Ross Colton.
3:40 of 2nd period - Shot Blocked by Marc Staal.
3:42 of 2nd period - Slapshot by Ross Colton.
3:42 of 2nd period - Shot Misses the Net.
3:44 of 2nd period - Wrist shot by Ross Colton.
3:44 of 2nd period - Shot Misses the Net.
3:46 of 2nd period - Snap shot by Brandon Tanev.
3:46 of 2nd period - Shot Blocked by Evander Kane.
3:48 of 2nd period - Wrist shot by Zach Parise.
3:48 of 2nd period - Stopped by Lukas Dostal with a rebound.
4:43 of 2nd period - Slapshot by Charlie Coyle.
4:43 of 2nd period - Shot Misses the Net.
5:08 of 2nd period - Wrist shot by Cole Perfetti.
5:08 of 2nd period - Shot Misses the Net.
5:58 of 2nd period - Wrist shot by Ross Colton.
5:58 of 2nd period - Stopped by Lukas Dostal without a rebound.
5:59 of 2nd period - Charlie Coyle wins face-off versus Marco Rossi in Quebec Nordiques zone.
6:10 of 2nd period - Wrist shot by Tyler Seguin.
6:10 of 2nd period - Stopped by Lukas Dostal without a rebound.
6:11 of 2nd period - Charlie Coyle wins face-off versus Marco Rossi in Quebec Nordiques zone.
6:38 of 2nd period - Justin Holl is hit by Mason McTavish and loses puck.
6:59 of 2nd period - Snap shot by Ondrej Palat.
6:59 of 2nd period - Stopped by Lukas Dostal with a rebound.
7:01 of 2nd period - Slapshot by Mark Jankowski.
7:01 of 2nd period - Goal by Mark Jankowski - Quebec Nordiques : 1 - Arizona Coyotes : 1.
7:02 of 2nd period - Charlie Coyle wins face-off versus Trevor Zegras in neutral zone.
7:35 of 2nd period - Wrist shot by Brandon Tanev.
7:35 of 2nd period - Deflect By Ross Colton.
7:35 of 2nd period - Shot Blocked by Marco Rossi.
7:35 of 2nd period - Puck is out of play.
7:36 of 2nd period - Ross Colton wins face-off versus Shane Pinto in Quebec Nordiques zone.
8:06 of 2nd period - Snap shot by Barrett Hayton.
8:06 of 2nd period - Shot Misses the Net.
8:08 of 2nd period - Slapshot by Eetu Luostarinen.
8:08 of 2nd period - Shot Misses the Net.
8:10 of 2nd period - Slapshot by Juuso Valimaki.
8:10 of 2nd period - Stopped by Petr Mrazek with a rebound.
9:22 of 2nd period - Off-side.
9:23 of 2nd period - Tyler Seguin wins face-off versus Barrett Hayton in neutral zone.
9:42 of 2nd period - Snap shot by Kirby Dach.
9:42 of 2nd period - Stopped by Petr Mrazek without a rebound.
9:43 of 2nd period - Mason McTavish wins face-off versus Marco Rossi in Arizona Coyotes zone.
9:58 of 2nd period - Wrist shot by Cole Perfetti.
9:58 of 2nd period - Shot Blocked by Jani Hakanpaa.
10:26 of 2nd period - Wrist shot by Erik Haula.
10:26 of 2nd period - Shot Blocked by Anthony Duclair.
10:28 of 2nd period - Wrist shot by Erik Haula.
10:28 of 2nd period - Shot Misses the Net.
10:30 of 2nd period - Snap shot by Erik Haula.
10:30 of 2nd period - Deflect By Ross Colton.
10:30 of 2nd period - Shot Blocked by Anthony Duclair.
10:30 of 2nd period - Puck is out of play.
10:31 of 2nd period - Charlie Coyle wins face-off versus Shane Pinto in Quebec Nordiques zone.
10:32 of 2nd period - Wrist shot by Mats Zuccarello.
10:32 of 2nd period - Shot Blocked by Evander Kane.
10:46 of 2nd period - Backhand shot by Charlie Coyle.
10:46 of 2nd period - Shot Blocked by Michael Anderson.
11:03 of 2nd period - Michael Anderson is hit by Ondrej Palat and loses puck.
11:31 of 2nd period - Slapshot by Barrett Hayton.
11:31 of 2nd period - Shot Blocked by Jani Hakanpaa.
11:47 of 2nd period - Brayden McNabb is hit by Ryan Poehling and loses puck.
12:04 of 2nd period - Brayden McNabb is hit by Shane Pinto and loses puck.
12:27 of 2nd period - Snap shot by Mason McTavish.
12:27 of 2nd period - Stopped by Lukas Dostal without a rebound.
12:28 of 2nd period - Marco Rossi wins face-off versus Mark Jankowski in Quebec Nordiques zone.
12:33 of 2nd period - Snap shot by Ondrej Palat.
12:33 of 2nd period - Shot Blocked by Cole Perfetti.
12:35 of 2nd period - Snap shot by Mark Jankowski.
12:35 of 2nd period - Shot Blocked by Juuso Valimaki.
12:37 of 2nd period - Snap shot by Mark Jankowski.
12:37 of 2nd period - Shot Blocked by Trevor Zegras.
12:39 of 2nd period - Wrist shot by Mark Jankowski.
12:39 of 2nd period - Stopped by Lukas Dostal with a rebound.
12:41 of 2nd period - Snap shot by Mark Jankowski.
12:41 of 2nd period - Shot Misses the Net.
12:43 of 2nd period - Slapshot by Jakob Silfverberg.
12:43 of 2nd period - Shot Misses the Net.
12:53 of 2nd period - Jani Hakanpaa is hit by Shane Pinto.
13:00 of 2nd period - Slapshot by Marc Staal.
13:00 of 2nd period - Stopped by Petr Mrazek without a rebound.
13:01 of 2nd period - Charlie Coyle wins face-off versus Shane Pinto in Arizona Coyotes zone.
13:10 of 2nd period - Anthony Duclair is hit by Brayden McNabb.
13:14 of 2nd period - Snap shot by Mats Zuccarello.
13:14 of 2nd period - Shot Misses the Net.
14:32 of 2nd period - Slapshot by Ryan Poehling.
14:32 of 2nd period - Stopped by Petr Mrazek without a rebound.
14:33 of 2nd period - Michael McCarron wins face-off versus Tyler Seguin in Arizona Coyotes zone.
14:47 of 2nd period - Minor Penalty to Michael McCarron for Delaying the game.
14:48 of 2nd period - Charlie Coyle wins face-off versus Ryan Poehling in Quebec Nordiques zone.
15:18 of 2nd period - Slapshot by Jared Spurgeon.
15:18 of 2nd period - Deflect By Erik Haula.
15:18 of 2nd period - Shot Blocked by J.J. Moser.
15:18 of 2nd period - Puck is out of play.
15:19 of 2nd period - Mason McTavish wins face-off versus Ryan Poehling in Quebec Nordiques zone.
15:24 of 2nd period - Snap shot by Erik Haula.
15:24 of 2nd period - Goal by Erik Haula - Quebec Nordiques : 1 - Arizona Coyotes : 2.
15:25 of 2nd period - Marco Rossi wins face-off versus Charlie Coyle in neutral zone.
15:34 of 2nd period - Snap shot by Cole Perfetti.
15:34 of 2nd period - Shot Misses the Net.
15:36 of 2nd period - Wrist shot by Marco Rossi.
15:36 of 2nd period - Shot Blocked by Jared Spurgeon.
15:40 of 2nd period - Wrist shot by Marco Rossi.
15:40 of 2nd period - Stopped by Petr Mrazek without a rebound.
15:41 of 2nd period - Barrett Hayton wins face-off versus Mason McTavish in Arizona Coyotes zone.
15:42 of 2nd period - Wrist shot by Eetu Luostarinen.
15:42 of 2nd period - Stopped by Petr Mrazek with a rebound.
15:48 of 2nd period - Snap shot by Eetu Luostarinen.
15:48 of 2nd period - Shot Misses the Net.
15:50 of 2nd period - Slapshot by J.J. Moser.
15:50 of 2nd period - Deflect By Mason McTavish.
15:50 of 2nd period - Stopped by Petr Mrazek with a rebound.
15:52 of 2nd period - Snap shot by J.J. Moser.
15:52 of 2nd period - Deflect By Barrett Hayton.
15:52 of 2nd period - Stopped by Petr Mrazek with a rebound.
15:54 of 2nd period - Wrist shot by Eetu Luostarinen.
15:54 of 2nd period - Shot Misses the Net.
15:56 of 2nd period - Slapshot by J.J. Moser.
15:56 of 2nd period - Shot Blocked by Brayden McNabb.
16:06 of 2nd period - Marco Rossi is hit by Charlie Coyle and loses puck.
16:15 of 2nd period - Snap shot by Mats Zuccarello.
16:15 of 2nd period - Stopped by Lukas Dostal with a rebound.
16:17 of 2nd period - Snap shot by Jani Hakanpaa.
16:17 of 2nd period - Shot Misses the Net.
16:19 of 2nd period - Wrist shot by Tyler Seguin.
16:19 of 2nd period - Shot Misses the Net.
16:36 of 2nd period - Wrist shot by Anthony Duclair.
16:36 of 2nd period - Stopped by Petr Mrazek with a rebound.
16:38 of 2nd period - Slapshot by Michael Anderson.
16:38 of 2nd period - Shot Misses the Net.
16:40 of 2nd period - Slapshot by Evander Kane.
16:40 of 2nd period - Deflect By Shane Pinto.
16:40 of 2nd period - Stopped by Petr Mrazek without a rebound.
16:41 of 2nd period - Barrett Hayton wins face-off versus Mats Zuccarello in Arizona Coyotes zone.
16:48 of 2nd period - Slapshot by Eetu Luostarinen.
16:48 of 2nd period - Shot Misses the Net.
16:50 of 2nd period - Snap shot by Barrett Hayton.
16:50 of 2nd period - Shot Misses the Net.
16:52 of 2nd period - Slapshot by Justin Holl.
16:52 of 2nd period - Shot Blocked by Tyler Seguin.
16:54 of 2nd period - Backhand shot by Marc Staal.
16:54 of 2nd period - Stopped by Petr Mrazek with a rebound.
16:56 of 2nd period - Snap shot by Eetu Luostarinen.
16:56 of 2nd period - Stopped by Petr Mrazek without a rebound.
16:57 of 2nd period - Shane Pinto wins face-off versus Mason McTavish in Arizona Coyotes zone.
17:24 of 2nd period - Jonas Siegenthaler is hit by Jared Spurgeon and loses puck.
17:33 of 2nd period - Slapshot by Mats Zuccarello.
17:33 of 2nd period - Stopped by Lukas Dostal without a rebound.
17:34 of 2nd period - Barrett Hayton wins face-off versus Ross Colton in Quebec Nordiques zone.
17:41 of 2nd period - Radko Gudas is hit by Barrett Hayton and loses puck.
18:17 of 2nd period - Minor Penalty to Justin Holl for Holding.
18:18 of 2nd period - Michael McCarron wins face-off versus Mason McTavish in Quebec Nordiques zone.
18:18 of 2nd period - Michael McCarron is hit by Mason McTavish.
18:34 of 2nd period - Wrist shot by Erik Haula.
18:34 of 2nd period - Stopped by Lukas Dostal with a rebound.
18:52 of 2nd period - Wrist shot by Charlie Coyle.
18:52 of 2nd period - Shot Misses the Net.
18:54 of 2nd period - Slapshot by Jani Hakanpaa.
18:54 of 2nd period - Stopped by Lukas Dostal without a rebound.
18:55 of 2nd period - Mason McTavish wins face-off versus Michael McCarron in Quebec Nordiques zone.
19:00 of 2nd period - Snap shot by Mason McTavish.
19:00 of 2nd period - Shot Misses the Net.
19:02 of 2nd period - Snap shot by Erik Haula.
19:02 of 2nd period - Shot Misses the Net.
19:04 of 2nd period - Snap shot by Erik Haula.
19:04 of 2nd period - Shot Misses the Net.
19:06 of 2nd period - Wrist shot by Ross Colton.
19:06 of 2nd period - Shot Misses the Net.
19:10 of 2nd period - Snap shot by Mason McTavish.
19:10 of 2nd period - Shot Misses the Net.
19:26 of 2nd period - Wrist shot by Tyler Seguin.
19:26 of 2nd period - Shot Blocked by Jonas Siegenthaler.
19:28 of 2nd period - Wrist shot by Charlie Coyle.
19:28 of 2nd period - Shot Misses the Net.
19:30 of 2nd period - Snap shot by Mats Zuccarello.
19:30 of 2nd period - Shot Blocked by Marc Staal.
Goals for this period are 1 for Quebec Nordiques vs 2 for Arizona Coyotes.
Shots for this period are 17 for Quebec Nordiques vs 12 for Arizona Coyotes.
3rd period
0:01 of 3rd period - Charlie Coyle wins face-off versus Ryan Poehling in neutral zone.
0:06 of 3rd period - Snap shot by Mats Zuccarello.
0:06 of 3rd period - Stopped by Lukas Dostal without a rebound.
0:07 of 3rd period - Charlie Coyle wins face-off versus Ryan Poehling in Quebec Nordiques zone.
0:08 of 3rd period - Wrist shot by Mats Zuccarello.
0:08 of 3rd period - Stopped by Lukas Dostal without a rebound.
0:09 of 3rd period - Tyler Seguin wins face-off versus Jordan Greenway in Quebec Nordiques zone.
0:17 of 3rd period - Penalty to Justin Holl is over, Justin Holl is back on ice.
0:32 of 3rd period - Slapshot by Mats Zuccarello.
0:32 of 3rd period - Shot Misses the Net.
0:34 of 3rd period - Snap shot by Mats Zuccarello.
0:34 of 3rd period - Shot Misses the Net.
0:36 of 3rd period - Slapshot by Brayden McNabb.
0:36 of 3rd period - Deflect By Marc Staal.
0:36 of 3rd period - Stopped by Lukas Dostal without a rebound.
0:37 of 3rd period - Marco Rossi wins face-off versus Mason McTavish in Quebec Nordiques zone.
0:47 of 3rd period - Minor Penalty to Ross Colton for Interference.
0:48 of 3rd period - Tyler Seguin wins face-off versus Shane Pinto in Arizona Coyotes zone.
1:20 of 3rd period - Jani Hakanpaa is hit by Trevor Zegras and loses puck.
2:39 of 3rd period - Icing by Michael Anderson.
2:40 of 3rd period - Evander Kane wins face-off versus Tyler Seguin in Quebec Nordiques zone.
2:47 of 3rd period - Penalty to Ross Colton is over, Ross Colton is back on ice.
2:51 of 3rd period - Tyler Seguin is hit by Kirby Dach.
3:05 of 3rd period - Slapshot by Tyler Seguin.
3:05 of 3rd period - Stopped by Lukas Dostal without a rebound.
3:06 of 3rd period - Michael McCarron wins face-off versus Mark Jankowski in Quebec Nordiques zone.
4:45 of 3rd period - Wrist shot by Jordan Greenway.
4:45 of 3rd period - Shot Misses the Net.
5:02 of 3rd period - Slapshot by Evander Kane.
5:02 of 3rd period - Stopped by Petr Mrazek without a rebound.
5:03 of 3rd period - Brandon Tanev wins face-off versus Shane Pinto in Arizona Coyotes zone.
5:12 of 3rd period - Shane Pinto is hit by Anthony Deangelo and loses puck.
5:36 of 3rd period - Wrist shot by Tyler Seguin.
5:36 of 3rd period - Stopped by Lukas Dostal without a rebound.
5:37 of 3rd period - Marco Rossi wins face-off versus Mason McTavish in Quebec Nordiques zone.
6:02 of 3rd period - Mats Zuccarello is hit by Juuso Valimaki and loses puck.
6:09 of 3rd period - Slapshot by Barrett Hayton.
6:09 of 3rd period - Shot Misses the Net.
6:42 of 3rd period - Slapshot by Barrett Hayton.
6:42 of 3rd period - Stopped by Petr Mrazek with a rebound.
6:44 of 3rd period - Snap shot by Eetu Luostarinen.
6:44 of 3rd period - Shot Misses the Net.
7:04 of 3rd period - Slapshot by Barrett Hayton.
7:04 of 3rd period - Deflect By Jared Spurgeon.
7:04 of 3rd period - Stopped by Petr Mrazek with a rebound.
7:06 of 3rd period - Backhand shot by Jonas Siegenthaler.
7:06 of 3rd period - Stopped by Petr Mrazek with a rebound.
7:08 of 3rd period - Wrist shot by Kirby Dach.
7:08 of 3rd period - Deflect By Eetu Luostarinen.
7:08 of 3rd period - Shot Misses the Net.
7:08 of 3rd period - Puck is out of play.
7:09 of 3rd period - Charlie Coyle wins face-off versus Shane Pinto in Arizona Coyotes zone.
7:09 of 3rd period - Charlie Coyle is hit by Evander Kane.
7:21 of 3rd period - Wrist shot by Charlie Coyle.
7:21 of 3rd period - Stopped by Lukas Dostal without a rebound.
7:22 of 3rd period - Marco Rossi wins face-off versus Charlie Coyle in Quebec Nordiques zone.
7:32 of 3rd period - Double Minor Penalty to Matt Dumba for High sticking.
7:33 of 3rd period - Shane Pinto wins face-off versus Mason McTavish in Arizona Coyotes zone.
7:35 of 3rd period - Wrist shot by Shane Pinto.
7:35 of 3rd period - Stopped by Petr Mrazek with a rebound.
7:37 of 3rd period - Snap shot by Shane Pinto.
7:37 of 3rd period - Shot Misses the Net.
7:39 of 3rd period - Snap shot by Evander Kane.
7:39 of 3rd period - Shot Misses the Net.
7:41 of 3rd period - Wrist shot by Shane Pinto.
7:41 of 3rd period - Shot Misses the Net.
7:43 of 3rd period - Backhand shot by Anthony Duclair.
7:43 of 3rd period - Stopped by Petr Mrazek without a rebound.
7:44 of 3rd period - Marco Rossi wins face-off versus Tyler Seguin in Arizona Coyotes zone.
7:51 of 3rd period - Slapshot by Cole Perfetti.
7:51 of 3rd period - Shot Misses the Net.
7:53 of 3rd period - Slapshot by Juuso Valimaki.
7:53 of 3rd period - Stopped by Petr Mrazek with a rebound.
7:55 of 3rd period - Slapshot by J.J. Moser.
7:55 of 3rd period - Goal by J.J. Moser - Quebec Nordiques : 2 - Arizona Coyotes : 2.
7:56 of 3rd period - Charlie Coyle wins face-off versus Shane Pinto in neutral zone.
9:55 of 3rd period - Penalty to Matt Dumba is over, Matt Dumba is back on ice.
10:14 of 3rd period - Wrist shot by Jakob Silfverberg.
10:14 of 3rd period - Stopped by Lukas Dostal without a rebound.
10:15 of 3rd period - Ross Colton wins face-off versus Michael McCarron in Quebec Nordiques zone.
10:22 of 3rd period - Marc Staal is hit by Brandon Tanev and loses puck.
10:41 of 3rd period - Michael McCarron is hit by Radko Gudas and loses puck.
12:19 of 3rd period - Slapshot by Brayden McNabb.
12:19 of 3rd period - Stopped by Lukas Dostal without a rebound.
12:20 of 3rd period - Trevor Zegras wins face-off versus Mark Jankowski in Quebec Nordiques zone.
12:30 of 3rd period - Slapshot by Radko Gudas.
12:30 of 3rd period - Stopped by Lukas Dostal with a rebound.
12:32 of 3rd period - Slapshot by Jakob Silfverberg.
12:32 of 3rd period - Shot Misses the Net.
12:34 of 3rd period - Snap shot by Brayden McNabb.
12:34 of 3rd period - Deflect By Mark Jankowski.
12:34 of 3rd period - Stopped by Lukas Dostal with a rebound.
12:36 of 3rd period - Snap shot by Brayden McNabb.
12:36 of 3rd period - Shot Misses the Net.
12:38 of 3rd period - Snap shot by Jakob Silfverberg.
12:38 of 3rd period - Stopped by Lukas Dostal with a rebound.
12:40 of 3rd period - Slapshot by Ondrej Palat.
12:40 of 3rd period - Deflect By Mark Jankowski.
12:40 of 3rd period - Shot Blocked by Cole Perfetti.
12:40 of 3rd period - Puck is out of play.
12:41 of 3rd period - Charlie Coyle wins face-off versus Evander Kane in Quebec Nordiques zone.
13:08 of 3rd period - Mason McTavish is hit by Juuso Valimaki.
13:14 of 3rd period - Snap shot by Cole Perfetti.
13:14 of 3rd period - Deflect By Trevor Zegras.
13:14 of 3rd period - Shot Blocked by Erik Haula.
13:14 of 3rd period - Puck is out of play.
13:15 of 3rd period - Mason McTavish wins face-off versus Marco Rossi in Arizona Coyotes zone.
13:24 of 3rd period - Cole Perfetti is hit by Ross Colton and loses puck.
13:42 of 3rd period - Wrist shot by Trevor Zegras.
13:42 of 3rd period - Shot Misses the Net.
13:44 of 3rd period - Slapshot by Marco Rossi.
13:44 of 3rd period - Shot Misses the Net.
13:46 of 3rd period - Wrist shot by J.J. Moser.
13:46 of 3rd period - Stopped by Petr Mrazek with a rebound.
13:48 of 3rd period - Slapshot by Marco Rossi.
13:48 of 3rd period - Deflect By Cole Perfetti.
13:48 of 3rd period - Goal by Cole Perfetti - Quebec Nordiques : 3 - Arizona Coyotes : 2.
13:49 of 3rd period - Shane Pinto wins face-off versus Charlie Coyle in neutral zone.
14:16 of 3rd period - Jared Spurgeon is hit by Eetu Luostarinen and loses puck.
14:25 of 3rd period - Snap shot by Barrett Hayton.
14:25 of 3rd period - Shot Blocked by Erik Haula.
14:27 of 3rd period - Snap shot by Michael Anderson.
14:27 of 3rd period - Stopped by Petr Mrazek with a rebound.
14:29 of 3rd period - Snap shot by Kirby Dach.
14:29 of 3rd period - Goal by Kirby Dach - Quebec Nordiques : 4 - Arizona Coyotes : 2.
14:30 of 3rd period - Charlie Coyle wins face-off versus Shane Pinto in neutral zone.
14:35 of 3rd period - Snap shot by Mats Zuccarello.
14:35 of 3rd period - Stopped by Lukas Dostal with a rebound.
14:45 of 3rd period - Slapshot by Anthony Duclair.
14:45 of 3rd period - Stopped by Petr Mrazek without a rebound.
14:46 of 3rd period - Mason McTavish wins face-off versus Marco Rossi in Arizona Coyotes zone.
14:55 of 3rd period - Snap shot by Mason McTavish.
14:55 of 3rd period - Shot Misses the Net.
15:36 of 3rd period - Barrett Hayton is hit by Ondrej Palat and loses puck.
16:34 of 3rd period - Ross Colton is hit by Michael McCarron and loses puck.
16:41 of 3rd period - Snap shot by Jordan Greenway.
16:41 of 3rd period - Shot Misses the Net.
16:43 of 3rd period - Snap shot by Jordan Greenway.
16:43 of 3rd period - Stopped by Petr Mrazek with a rebound.
17:03 of 3rd period - Off-side.
17:04 of 3rd period - Michael McCarron wins face-off versus Mark Jankowski in neutral zone.
17:07 of 3rd period - Wrist shot by Ryan Poehling.
17:07 of 3rd period - Shot Blocked by Anthony Deangelo.
17:09 of 3rd period - Wrist shot by Ryan Poehling.
17:09 of 3rd period - Deflect By Jordan Greenway.
17:09 of 3rd period - Stopped by Petr Mrazek without a rebound.
17:10 of 3rd period - Michael McCarron wins face-off versus Zach Parise in Arizona Coyotes zone.
17:14 of 3rd period - Icing by Anthony Deangelo.
17:15 of 3rd period - Ross Colton wins face-off versus Barrett Hayton in Arizona Coyotes zone.
17:26 of 3rd period - Snap shot by Kirby Dach.
17:26 of 3rd period - Deflect By Eetu Luostarinen.
17:26 of 3rd period - Shot Blocked by Ross Colton.
17:26 of 3rd period - Puck is out of play.
17:27 of 3rd period - Barrett Hayton wins face-off versus Ross Colton in Arizona Coyotes zone.
18:13 of 3rd period - Jared Spurgeon is hit by Jonas Siegenthaler and loses puck.
18:49 of 3rd period - Wrist shot by Barrett Hayton.
18:49 of 3rd period - Stopped by Petr Mrazek without a rebound.
18:50 of 3rd period - Erik Haula wins face-off versus Barrett Hayton in Arizona Coyotes zone.
18:50 of 3rd period - Erik Haula is hit by Barrett Hayton.
19:41 of 3rd period - Minor Penalty to Radko Gudas for High sticking.
19:42 of 3rd period - Shane Pinto wins face-off versus Tyler Seguin in Arizona Coyotes zone.
19:57 of 3rd period - Shane Pinto is hit by Brayden McNabb and loses puck.
Goals for this period are 3 for Quebec Nordiques vs 0 for Arizona Coyotes.
Shots for this period are 16 for Quebec Nordiques vs 12 for Arizona Coyotes.
Back to the Top